 Dungeon Crawl Stone Soup version 0.22.2-1-ge965b3aba3 (webtiles) character file.

1189037 pedritolo the Evocator (level 27, 219/219 HPs)
             Began as a Mummy Wizard on May 24, 2020.
             Was an Initiate of Gozag.
             Escaped with the Orb
             ... and 3 runes on May 26, 2020!
             The game lasted 05:48:37 (200014 turns).

pedritolo the Evocator (Mummy Wizard)             Turns: 200014, Time: 05:48:38

Health: 219/219    AC: 31    Str: 10    XL:     27
Magic:  54/54      EV: 22    Int: 38    God:    Gozag
Gold:   2835       SH: 13    Dex: 17    Spells: 10/63 levels left

rFire    + + +     SeeInvis +   a - +11 trident of Umuazuiq {chaos, rF+ MR+ Int+6 Stlth-}
rCold    + + +     Gourm    +   W - +0 shield {rF+}
rNeg     + + +     Faith    .   Y - +4 troll leather armour
rPois    ∞         Spirit   .   V - +2 helmet {SInv}
rElec    .         Reflect  .   K - +2 cloak {MR+}
rCorr    .         Harm     .   Z - +2 pair of gloves {Str+3}
MR       +++++                  k - +2 pair of boots of Precision Catastrophes {rF+ rC++}
Stlth    +.........             y - amulet "Zeistraa" {Gourm rC+ MP+9 Dex+7}
HPRegen  0.86/turn              w - +6 ring of protection
MPRegen  0.34/turn              E - ring "Irghiphan" {rF+ rC++ Str-4 Int+2}

@: very slightly contaminated, bribing [the Dungeon]
A: no food or potions, fire vulnerability, cold resistance 1, negative energy
resistance 3, torment resistance, unbreathing, in touch with death 2
0: Orb of Zot
}: 3/15 runes: decaying, slimy, gossamer
a: Potion Petition, Call Merchant, Bribe Branch, Renounce Religion


You escaped.
You worshipped Gozag.
Gozag was most pleased with you.
You were not hungry.

You visited 12 branches of the dungeon, and saw 57 of its levels.
You also visited: Ice Cave.

You collected 28725 gold pieces.
You spent 8437 gold pieces at shops.
You paid 17453 gold pieces to Gozag.

Inventory:

Hand Weapons
 a - the +11 trident of Umuazuiq (weapon) {chaos, rF+ MR+ Int+6 Stlth-}
   (You found it on level 3 of the Elven Halls)

   Each time it hits an enemy it has a different, random effect.
   It affects your intelligence (+6).
   It protects you from fire.
   It affects your resistance to hostile enchantments.
   It makes you less stealthy.
 F - a +2 dagger of distortion
Missiles
 h - 1647 arrows
 n - 2 throwing nets (quivered)
Armour
 k - the +2 pair of boots of Precision Catastrophes (worn) {rF+ rC++}
   (You found it on level 3 of the Depths)

   It protects you from fire.
   It greatly protects you from cold.
 K - a +2 cloak of magic resistance (worn)
 V - a +2 helmet of see invisible (worn)
 W - a +0 shield of fire resistance (worn)
 Y - a +4 troll leather armour (worn)
 Z - a +2 pair of gloves of strength (worn)
Magical Staves
 b - an uncursed staff of wizardry
 c - an uncursed staff of conjuration
Jewellery
 d - an uncursed ring of protection from fire
 u - an uncursed ring of protection from magic
 w - a +6 ring of protection (left hand)
 y - the amulet "Zeistraa" (around neck) {Gourm rC+ MP+9 Dex+7}
   (You took it off a deep elf master archer on level 3 of the Elven Halls)

   [amulet of the gourmand]

   It allows you to eat raw meat even when not hungry.
   It affects your dexterity (+7).
   It protects you from cold.
   It affects your magic capacity (+9).
 z - an uncursed ring of resist corrosion
 A - an uncursed ring of wizardry
 B - an uncursed ring of flight
 E - the ring "Irghiphan" (right hand) {rF+ rC++ Str-4 Int+2}
   (You took it off a deep elf mage on level 1 of the Elven Halls)

   [ring of strength]

   It affects your strength (-4).
   It affects your intelligence (+2).
   It protects you from fire.
   It greatly protects you from cold.
 G - the ring of Oduesh {+Inv +Fly rF- EV+3 Int+6}
   (You took it off a deep elf master archer on level 3 of the Elven Halls)

   [ring of evasion]

   It affects your evasion (+3).
   It affects your intelligence (+6).
   It makes you vulnerable to fire.
   It lets you turn invisible.
   It lets you fly.
 X - the ring "Afyqas" {rElec rC+ Stlth+}
   (You took it off a deep elf sorcerer on level 3 of the Elven Halls)

   [ring of stealth]

   It protects you from cold.
   It insulates you from electricity.
   It makes you more stealthy.
Wands
 r - a wand of clouds (8)
 t - a wand of disintegration (28)
 x - a wand of acid (38)
 C - a wand of enslavement (101)
 D - a wand of scattershot (18)
 H - a wand of digging (44)
 I - a wand of polymorph (44)
 L - a wand of paralysis (48)
 T - a wand of iceblast (48)
Scrolls
 e - a scroll of silence
 f - 20 scrolls of teleportation
 i - 18 scrolls of identify
 j - 7 scrolls of amnesia
 m - 19 scrolls of remove curse
 q - 8 scrolls of fear
 s - 7 scrolls of blinking
 v - 3 scrolls of enchant armour
 O - a scroll of torment
 Q - 4 scrolls of summoning
 R - 7 scrolls of vulnerability
 S - 5 scrolls of immolation
 U - 9 scrolls of fog
Miscellaneous
 g - a lightning rod (4/4)
 l - a lamp of fire
 o - 2 boxes of beasts
 p - 3 phantom mirrors
 J - 6 sacks of spiders
 M - a lamp of fire
 N - a fan of gales
 P - a phial of floods


   Skills:
 - Level 18.6 Fighting
 - Level 15.7 Armour
 - Level 14.7 Dodging
 - Level 1.5 Stealth
 - Level 15.0 Shields
 - Level 18.9 Spellcasting
 - Level 17.1 Conjurations
 - Level 7.3 Hexes
   Level 3.9 Summonings
 - Level 5.0 Necromancy
 - Level 3.3 Translocations
 - Level 4.5 Transmutations
 - Level 3.1 Fire Magic
 - Level 4.6 Air Magic
 - Level 6.1 Poison Magic
 + Level 21.2 Evocations


You had 10 spell levels left.
You knew the following spells:

 Your Spells              Type           Power        Failure   Level  Hunger
a - Orb of Destruction    Conj           ########..   1%          7    N/A
b - Bolt of Draining      Conj/Necr      ########..   1%          5    N/A
c - Conjure Flame         Conj/Fire      #######.     1%          3    N/A
d - Mephitic Cloud        Conj/Pois/Air  #######.     1%          3    N/A
e - Ignite Poison         Fire/Tmut/Pois ######..     1%          3    N/A
f - Venom Bolt            Conj/Pois      #######...   1%          5    N/A
g - Olgreb's Toxic Radia  Pois           ######..     1%          4    N/A
h - Fulminant Prism       Conj/Hex       #######...   1%          4    N/A
i - Irradiate             Conj/Tmut      #######...   1%          5    N/A
j - Sticks to Snakes      Tmut           ######..     1%          2    N/A
l - Invisibility          Hex            #######.     8%          6    N/A
p - Passage of Golubria   Tloc           N/A          2%          4    N/A
B - Blink                 Tloc           N/A          1%          2    N/A

Your spell library contained the following spells:

 Spells                   Type           Power        Failure   Level  Hunger
 Flame Tongue             Conj/Fire      #####        0%          1    N/A
 Magic Dart               Conj           ####         0%          1    N/A
 Shock                    Conj/Air       ####         0%          1    N/A
 Sting                    Conj/Pois      ####         0%          1    N/A
 Searing Ray              Conj           ######       0%          2    N/A
 Iskenderun's Mystic Bla  Conj           ########     0%          4    N/A
 Animate Skeleton         Necr           N/A          1%          1    N/A
 Apportation              Tloc           ######       1%          1    N/A
 Confusing Touch          Hex            ######       1%          1    N/A
 Corona                   Hex            #######      1%          1    N/A
 Freeze                   Ice            ####         1%          1    N/A
 Infusion                 Chrm           ####         1%          1    N/A
 Pain                     Necr           ####         1%          1    N/A
 Summon Small Mammal      Summ           ####         1%          1    N/A
 Call Imp                 Summ           ######..     1%          2    N/A
 Corpse Rot               Necr           N/A          1%          2    N/A
 Ensorcelled Hibernation  Hex/Ice        ######       1%          2    N/A
 Passwall                 Tmut/Erth      ######..     1%          2    N/A
 Poisonous Vapours        Pois/Air       ######       1%          2    N/A
 Shroud of Golubria       Chrm/Tloc      #####.....   1%          2    N/A
 Slow                     Hex            #######.     1%          2    N/A
 Song of Slaying          Chrm           #####...     1%          2    N/A
 Swiftness                Chrm/Air       ######..     1%          2    N/A
 Throw Frost              Conj/Ice       ######       1%          2    N/A
 Confuse                  Hex            #######.     1%          3    N/A
 Dazzling Spray           Conj/Hex       ######       1%          3    N/A
 Gell's Gravitas          Tloc           ######....   1%          3    N/A
 Inner Flame              Hex/Fire       ######..     1%          3    N/A
 Lesser Beckoning         Tloc           ######....   1%          3    N/A
 Portal Projectile        Hex/Tloc       ######       1%          3    N/A
 Recall                   Summ/Tloc      N/A          1%          3    N/A
 Spectral Weapon          Hex/Chrm       ######..     1%          3    N/A
 Static Discharge         Conj/Air       #######.     1%          3    N/A
 Stone Arrow              Conj/Erth      ######       1%          3    N/A
 Summon Guardian Golem    Hex/Summ       ######..     1%          3    N/A
 Vampiric Draining        Necr           ########..   1%          3    N/A
 Airstrike                Air            ######....   1%          4    N/A
 Animate Dead             Necr           N/A          1%          4    N/A
 Cause Fear               Hex            #######...   1%          4    N/A
 Force Lance              Conj/Tloc      #######.     1%          4    N/A
 Sticky Flame             Conj/Fire      #######.     1%          4    N/A
 Summon Lightning Spire   Summ/Air       ######..     1%          4    N/A
 Throw Icicle             Conj/Ice       #######.     1%          4    N/A
 Bolt of Magma            Conj/Fire/Erth ######....   1%          5    N/A
 Fireball                 Conj/Fire      #######...   1%          5    N/A
 Iskenderun's Battlesphe  Conj/Chrm      #######.     1%          5    N/A
 Lightning Bolt           Conj/Air       #######...   1%          5    N/A
 Conjure Ball Lightning   Conj/Air       #######...   1%          6    N/A
 Leda's Liquefaction      Hex/Erth       ######....   2%          4    N/A
 Silence                  Hex/Air        ######....   2%          5    N/A
 Summon Mana Viper        Hex/Summ       ######..     2%          5    N/A
 Yara's Violent Unravell  Hex/Tmut       ######....   2%          5    N/A
 Bolt of Fire             Conj/Fire      #######...   2%          6    N/A
 Ozocubu's Armour         Chrm/Ice       #####...     3%          3    N/A
 Petrify                  Tmut/Erth      ######..     3%          4    N/A
 Alistair's Intoxication  Tmut/Pois      ######..     3%          5    N/A
 Summon Ice Beast         Ice/Summ       ######..     4%          4    N/A
 Bolt of Cold             Conj/Ice       #######...   4%          6    N/A
 Iron Shot                Conj/Erth      #######...   4%          6    N/A
 Aura of Abjuration       Summ           ######....   5%          5    N/A
 Summon Demon             Summ           ######....   5%          5    N/A
 Metabolic Englaciation   Hex/Ice        ######....   6%          5    N/A
 Summon Forest            Summ/Tloc      ######....   6%          5    N/A
 Darkness                 Hex            #######...   8%          6    N/A
 Freezing Cloud           Conj/Ice/Air   ######....   8%          6    N/A
 Borgnjor's Vile Clutch   Necr/Erth      #######...   10%         5    N/A
 Spellforged Servitor     Conj/Summ      #######...   11%         7    N/A
 Death Channel            Necr           ########..   19%         6    N/A
 Lee's Rapid Deconstruct  Erth           #####.....   28%         5    N/A
 Shadow Creatures         Summ           N/A          30%         6    N/A
 Dispersal                Tloc           ######....   36%         6    N/A
 Simulacrum               Ice/Necr       #######...   47%         6    N/A
 Deflect Missiles         Chrm/Air       ######....   52%         6    N/A
 Haunt                    Necr/Summ      ########..   80%         7    N/A
 Ozocubu's Refrigeration  Ice            #####.....   83%         6    N/A
 Monstrous Menagerie      Summ           ######....   86%         7    N/A
 Summon Greater Demon     Summ           ######....   86%         7    N/A
 Malign Gateway           Summ/Tloc      ######....   88%         7    N/A
 Ring of Flames           Chrm/Fire      #####.....   99%         7    N/A
 Ignition                 Fire           ######....   100%        8    N/A
 Infestation              Necr           ########..   100%        8    N/A
 Summon Horrible Things   Summ           ######....   100%        8    N/A
 Tornado                  Air            ######....   100%        9    N/A
 Beastly Appendage        Tmut           Unusable     N/A         1    N/A
 Sublimation of Blood     Necr           Unusable     N/A         2    N/A
 Regeneration             Chrm/Necr      Unusable     N/A         3    N/A
 Spider Form              Tmut/Pois      Unusable     N/A         3    N/A
 Ice Form                 Ice/Tmut       Unusable     N/A         4    N/A
 Blade Hands              Tmut           Unusable     N/A         5    N/A
 Hydra Form               Tmut           Unusable     N/A         6    N/A
 Statue Form              Tmut/Erth      Unusable     N/A         6    N/A
 Dragon Form              Tmut           Unusable     N/A         7    N/A
 Borgnjor's Revivificati  Necr           Unusable     N/A         8    N/A
 Death's Door             Chrm/Necr      Unusable     N/A         8    N/A
 Necromutation            Tmut/Necr      Unusable     N/A         8    N/A

Dungeon Overview and Level Annotations

Branches:
Dungeon (15/15)            Temple (1/1) D:7            Lair (6/6) D:11
  Swamp (4/4) Lair:2       Spider (4/4) Lair:3        Slime (5/5) Lair:6
    Orc (2/2) D:12            Elf (3/3) Orc:2        Vaults (4/5) D:14
  Crypt (3/3) Vaults:3       Tomb (0/3) Crypt:3      Depths (5/5) D:15
    Zot (5/5) Depths:5

Altars:
Ashenzari
Cheibriados
Dithmenos
Elyvilon
Fedhas
Gozag
Hepliaklqana
Kikubaaqudgha
Makhleb
Nemelex Xobeh
Okawaru
Qazlal
Ru
Sif Muna
Trog
Uskayaw
Vehumet
Wu Jian
Xom
Yredelemnul
Zin
The Shining One
Beogh
Jiyva

Shops:
D:9 =   D:12 }**   D:15 **   Orc:2 :[[==:   Elf:1 *   Elf:2 *   Elf:3 =
Lair:5 :?   Vaults:3 =   Depths:4 !   Depths:5 :}

Portals:
Hell: Depths:1 Depths:2 Depths:3 Depths:4 Depths:5
Abyss: Depths:1 Depths:4 Depths:5
Pandemonium: Depths:1 Depths:3
Ziggurat: Depths:5

Annotations:
D:9 2 transporters
D:15 3 runed doors, Kytyafaf's ghost, adept DrGl; Odod's ghost, veteran MiGl
Lair:4 3 runed doors, Juriluv's ghost, journeyman MiBe
Spider:1 exclusion: Roxanne, Roxanne
Elf:2 6 runed doors, exclusion: obsidian statue, Soxuaqeu's ghost, adept GrFi
Zot:4 2 transporters


Innate Abilities, Weirdness & Mutations

You do not eat or drink.
Your flesh is vulnerable to fire.
You are immune to poison.
Your flesh is cold resistant. (rC+)
You are immune to negative energy. (rN+++)
You are immune to unholy pain and torment.
You can survive without breathing.
You are strongly in touch with the powers of death.


Message History

Press: ? - help, Shift-Dir - straight line A rock wall.
This square is covered in magical glow.
The rock shatters into small pieces.
There is a stone staircase leading up here.
You see here 3 stones.
You climb upwards.
There is a stone staircase leading down here.
(D) Dungeon (T) Temple (L) Lair (S) Swamp (N) Spider Nest (M) Slime Pits (O) Orcish Mines (E) Elven Halls (V) Vaults (C) Crypt (W) Tomb (U) Depths (H) Hell (Z) Zot
Where to? (Enter - D:1 @ (x,y), ? - help)
A hellwing comes into view.
The hellwing gives a chilling moan.
Your hellwing grins greedily, jangling a coin purse.
There is an open door here.
You swap places.
There is a staircase leading out of the dungeon here.
You have escaped!

##.# #...# #.# #.# ##.## ##'##
##.# #.# ##...## ...###
#####'##### ##.....## .#...##
#.!.......# ##.......#
##....######.........###.........
...........#..⌠...⌠..#.'.........
##...>####.#.........#.#.........
.#.#.## #.'....@....'.##.......#
...#.# ###....44...#####.....##
####.# #..⌠...⌠..# ##...## #.#
#.%.......# ##'## #.# #.........#
#.#### ####.# #####'##### #.....
.....# #.# ##.#### ######
#.##########...###
#.................


You could see 2 friendly hellwings.

Vanquished Creatures
  the Royal Jelly (Slime:5)
  6 ancient liches
  6 orbs of fire
  Boris (twice) (Vaults:2 Depths:5)
  the Lernaean hydra (Swamp:4)
  Sojobo (Depths:2)
  Margery (Crypt:3)
  A Killer Klown (Zot:5)
  Saint Roka (Depths:5)
  Xtahua (Crypt:2)
  Frederick (Vaults:3)
  A curse toe (Zot:2)
  Nikola (Spider:3)
  2 bone dragons
  Jory (Depths:5)
  9 golden dragons
  4 electric golems
  A doom hound (Zot:5)
  15 tentacled monstrosities
  21 Orb Guardians (Zot:5)
  Asterion (Spider:4)
  An Ice Fiend (Zot:5)
  2 liches
  3 quicksilver dragons
  2 deep elf master archers (Elf:3)
  A quicksilver dragon (shapeshifter) (Depths:1)
  Frances (D:12)
  Rupert (D:12)
  3 ancient champions
  2 deep elf blademasters (Elf:3)
  17 acid blobs
  4 sphinxes
  8 death cobs
  4 shadow dragons
  5 tengu reavers
  Gastronok (Lair:2)
  Kirke (Lair:4)
  2 revenants (Crypt:3)
  6 draconian monks
  10 storm dragons
  4 thorn hunters
  2 frost giants
  4 fire giants
  4 deep elf sorcerers
  4 ghost moths
  9 vault wardens
  13 draconian scorchers
  A balrug (Depths:2)
  14 azure jellies
  2 curse skulls
  Louise (Depths:5)
  12 draconian knights
  4 deep elf elementalists (Elf:3)
  A cacodemon (Depths:2)
  6 emperor scorpions (Spider:4)
  7 draconian stormcallers
  11 draconian shifters
  10 ironheart preservers
  A war gargoyle (Depths:3)
  3 reapers
  4 entropy weavers
  8 stone giants
  5 draconian annihilators
  14 very ugly things
  28 vampire knights
  10 black draconians
  10 green draconians
  7 deep elf annihilators
  13 red draconians
  7 deep elf demonologists
  Nessos (D:15)
  9 yellow draconians
  14 white draconians
  A dire elephant (D:15)
  3 eidola
  10 purple draconians
  11 spark wasps
  9 ettins
  7 fire dragons
  7 deep elf death magi
  2 blizzard demons (IceCv)
  13 death oozes
  10 jiangshi
  16 yaktaur captains
  13 great orbs of eyes
  Fannar (D:12)
  Erolcha (D:10)
  13 ogre magi
  3 deep elf high priests
  22 hydras
  A catoblepas (D:13)
  4 rakshasas
  15 vault guards
  2 ghost crabs
  9 ice dragons
  A spriggan air mage (Depths:4)
  7 centaur warriors
  29 two-headed ogres
  3 death knights
  11 tengu warriors
  12 death yaks
  A queen ant (Spider:4)
  14 vampire magi
  7 deep troll shamans
  16 alligators
  9 deep troll earth magi
  Urug (D:10)
  3 spriggan berserkers
  3 hell hogs (D:14)
  A shock serpent (shapeshifter) (Depths:2)
  3 sun demons
  12 deep elf knights
  Sonja (D:10)
  5 orc high priests (Orc:2)
  A titan zombie (Crypt:3)
  2 soul eaters
  4 iron trolls
  4 hell knights (Crypt:3)
  42 skeletal warriors
  6 shadow wraiths
  2 golden dragon zombies
  A sixfirhy (Depths:1)
  A storm dragon skeleton (Crypt:1)
  2 salamander mystics (Depths:4)
  6 flayed ghosts
  2 spriggan druids
  A glowing orange brain (shapeshifter) (Depths:2)
  A shadow demon (Zot:5)
  An unseen horror (D:12)
  9 glowing orange brains
  22 deep trolls
  An anaconda zombie (Crypt:3)
  7 wizards
  18 deep elf archers
  A spectral hydra (Depths:3)
  31 phantasmal warriors
  12 swamp dragons
  A spectral anaconda (Depths:3)
  An obsidian statue (Depths:2)
  2 orange crystal statues (Depths:3)
  4 harpies (Vaults:4)
  2 wolf spider zombies (D:15)
  A mana viper (shapeshifter) (Vaults:4)
  12 ironbrand convokers
  17 orc knights
  2 orc sorcerers
  A sphinx zombie (Depths:3)
  42 ugly things
  3 mana vipers (Depths:3)
  9 orb spiders
  6 cyclopes
  2 frost giant zombies (Depths:3)
  2 necromancers
  2 manticores (D:15)
  58 deep elf magi
  2 stone giant zombies (Crypt:3)
  22 wolf spiders
  4 salamanders (Depths:4)
  26 moths of wrath
  4 shining eyes
  A fire giant zombie (Crypt:3)
  5 rust devils
  Maurice (D:10)
  6 black mambas
  3 elephants (Lair:6)
  A black mamba (shapeshifter) (Elf:3)
  A fire giant skeleton (Depths:3)
  2 ice statues
  2 frost giant skeletons (Crypt:1)
  An eye of devastation (Slime:4)
  An eye of devastation (shapeshifter) (Vaults:1)
  2 smoke demons
  15 spiny frogs
  10 vault sentinels
  An orange demon (Depths:1)
  Psyche (D:12)
  5 gargoyles
  An elephant slug zombie (Crypt:1)
  A white draconian zombie (Crypt:2)
  5 freezing wraiths
  2 torpor snails (shapeshifter) (Elf:3)
  2 kobold demonologists (D:15)
  6 anaconda simulacra
  A spiny frog (shapeshifter) (Vaults:1)
  4 spectral merfolk (Depths:3)
  5 komodo dragons
  56 yaktaurs
  A tormentor (Zot:5)
  7 ice devils
  11 demonic crawlers
  A redback zombie (D:15)
  A rime drake (Lair:4)
  2 golden dragon simulacra (IceCv)
  5 hellwings
  5 guardian mummies (Crypt:3)
  A death yak skeleton (Crypt:2)
  A queen bee (shapeshifter) (Vaults:2)
  2 red devils
  4 tengu conjurers
  A queen bee (Spider:1)
  6 trolls
  A green draconian skeleton (Crypt:3)
  A harpy zombie (Crypt:3)
  6 polar bears
  A jumping spider (shapeshifter) (Vaults:3)
  20 jumping spiders
  9 meliai
  A harpy skeleton (Crypt:2)
  A sea snake skeleton (Crypt:1)
  15 tyrant leeches
  11 blink frogs
  29 hornets
  15 bog bodies
  A dream sheep (shapeshifter) (Depths:2)
  A jumping spider zombie (Crypt:2)
  105 slime creatures
  9 hippogriffs
  An alligator zombie (Crypt:3)
  A hippogriff (shapeshifter) (Depths:5)
  A raiju (Depths:3)
  A fire dragon zombie (Crypt:1)
  An ettin zombie (Crypt:3)
  21 spriggans
  4 shadows
  17 tarantellas
  2 tarantellas (shapeshifter)
  4 air elementals
  3 vampires
  49 redbacks
  An alligator skeleton (Crypt:1)
  20 wraiths
  2 yaks (shapeshifter) (Vaults:3)
  3 wyverns
  Eustachio (D:5)
  3 water elementals
  2 large abominations (Elf:1)
  A fire elemental (Elf:1)
  4 hungry ghosts
  A dire elephant simulacrum (IceCv)
  A chaos spawn (Depths:2)
  A hog (Lair:4)
  A human (D:14)
  3 golden eyes (Slime:1)
  14 yaks
  2 basilisks
  A steam dragon (D:8)
  2 human simulacra (Vaults:3)
  A neqoxec (Depths:2)
  29 vampire mosquitoes
  A death yak simulacrum (IceCv)
  7 swamp worms
  5 harpy simulacra (IceCv)
  A two-headed ogre zombie (Crypt:1)
  A water nymph zombie (Crypt:1)
  2 hydra simulacra (IceCv)
  20 insubstantial wisps
  13 wargs
  2 iron troll simulacra (IceCv)
  A deep troll zombie (Crypt:1)
  2 acid dragons
  5 hell hounds
  13 water moccasins
  A floating eye (Depths:3)
  8 soldier ants (Spider:4)
  5 spectral trolls
  A floating eye (shapeshifter) (Vaults:1)
  2 spectral spriggans (Depths:3)
  An alligator simulacrum (IceCv)
  14 porcupines
  2 eyes of draining (shapeshifter) (Vaults:1)
  13 swamp drakes
  14 ice beasts
  56 orc warriors
  7 eyes of draining
  4 black bears
  4 sky beasts
  2 snapping turtle zombies
  An ogre (shapeshifter) (Vaults:2)
  2 boggarts (shapeshifter)
  2 ettin simulacra (IceCv)
  2 phantoms
  46 wolves
  12 boggarts
  31 ogres
  An elephant skeleton (Crypt:1)
  A manticore skeleton (Crypt:3)
  23 centaurs
  8 crocodiles
  A hippogriff zombie (Crypt:3)
  2 salamander zombies
  2 big kobolds (D:15)
  6 elf zombies
  18 bullfrogs
  A draconian skeleton (Crypt:2)
  3 earth elementals
  A gnoll sergeant (D:7)
  A spiny frog simulacrum (Crypt:1)
  2 merfolk simulacra (Depths:3)
  A water moccasin zombie (D:5)
  A wyvern zombie (Crypt:2)
  3 scorpions
  2 wyvern skeletons
  17 killer bees
  A spectral ogre (Depths:3)
  3 spectral nagas (Depths:3)
  An elephant simulacrum (IceCv)
  A snapping turtle simulacrum (Crypt:1)
  9 wights
  3 howler monkeys
  3 electric eels
  2 spriggan skeletons (D:12)
  12 crimson imps
  2 spectral centaurs (Depths:3)
  9 centaur zombies
  A bullfrog zombie (D:10)
  5 draconian simulacra (IceCv)
  10 hounds
  30 orc priests
  7 bullfrog skeletons
  4 jellies
  23 orc wizards
  8 centaur skeletons
  8 iguanas
  2 spriggan simulacra (IceCv)
  18 worker ants
  A polar bear simulacrum (IceCv)
  A porcupine skeleton (Crypt:2)
  5 troll simulacra
  A centaur simulacrum (IceCv)
  A tengu zombie (Crypt:3)
  A deep dwarf skeleton (Crypt:1)
  3 hound zombies
  2 hound skeletons
  7 mummies (Crypt:3)
  A howler monkey skeleton (Crypt:3)
  8 gnolls
  6 adders
  4 naga simulacra (IceCv)
  3 ogre simulacra (IceCv)
  4 shadow imps
  5 white imps
  6 ufetubi (IceCv)
  2 oozes
  An iguana skeleton (Crypt:3)
  A worm (shapeshifter) (Vaults:1)
  2 worms
  A barachi skeleton (Crypt:2)
  3 dart slugs
  3 leopard geckos
  108 orcs
  A ball python (D:4)
  6 bats
  9 giant cockroaches
  6 goblins
  11 hobgoblins
  11 jackals
  5 frilled lizards
  A frilled lizard skeleton (Crypt:3)
  13 kobolds
  6 rats
  2 fungi
  6 plants
2538 creatures vanquished.

Vanquished Creatures (collateral kills)
  A Killer Klown (Zot:5)
  A tentacled monstrosity (Zot:5)
  An Orb Guardian (Zot:5)
  A ghost moth (Zot:5)
  Josephine (Lair:6)
  An ice dragon (Swamp:1)
  A two-headed ogre (D:8)
  A hellwing (D:7)
  An ice beast (D:9)
  A crimson imp (D:5)
  A quasit (D:11)
  Terence (D:3)
  3 adders
  2 worms
  2 orcs (D:2)
  2 hobgoblins (D:2)
  3 jackals (D:1)
  A rat (D:1)
25 creatures vanquished.

Vanquished Creatures (others)
  2 ancient liches (Zot:5)
  A curse toe (Zot:5)
  2 Orb Guardians (Zot:5)
  A storm dragon (Zot:5)
  4 draconian knights (Zot:5)
  3 draconian scorchers (Zot:5)
  A green draconian (Zot:5)
  A yellow draconian (Zot:5)
  A purple draconian (Zot:5)
  A red draconian (Zot:5)
  4 white draconians (Zot:5)
  A fire dragon (Depths:2)
  14 dancing weapons
  A deep elf mage (Vaults:2)
  4 moths of wrath (Zot:5)
  A hellwing (D:7)
  A slime creature (Swamp:3)
  A human simulacrum (Vaults:2)
  A blink frog (Swamp:4)
  A water elemental (Elf:1)
  4 humans (Lair:5)
  A chaos spawn (D:7)
  A swamp worm (Swamp:1)
  2 bushes
  2 fire vortices (Depths:4)
  154 fulminant prisms
  21 fungi
  8 plants
  4 withered plants (D:15)
243 creatures vanquished.

Grand Total: 2806 creatures vanquished

Notes
Turn   | Place    | Note
-------+----------+-------------------------------------------
     0 | D:1      | pedritolo the Mummy Wizard began the quest for the Orb.
     0 | D:1      | Reached XP level 1. HP: 13/13 MP: 5/5
   414 | D:1      | Reached XP level 2. HP: 16/20 MP: 1/7
   658 | D:1      | Learned a level 2 spell: Call Imp
   661 | D:1      | Learned a level 2 spell: Blink
   966 | D:1      | Reached skill level 1 in Summonings
  1335 | D:1      | Reached XP level 3. HP: 25/25 MP: 9/9
  1738 | D:2      | Reached skill level 1 in Fighting
  2975 | D:2      | Learned a level 3 spell: Conjure Flame
  2979 | D:2      | Learned a level 3 spell: Mephitic Cloud
  2985 | D:2      | Reached XP level 4. HP: 30/32 MP: 6/10
  3301 | D:3      | Reached skill level 5 in Spellcasting
  4198 | D:3      | Noticed Terence
  4227 | D:3      | Killed Terence
  4654 | D:4      | Reached skill level 1 in Translocations
  4728 | D:4      | Noticed a slave
  5073 | D:4      | Reached XP level 5. HP: 29/37 MP: 12/12
  5149 | D:4      | Reached skill level 1 in Conjurations
  6192 | D:5      | Entered Level 5 of the Dungeon
  6192 | D:5      | Noticed an ice beast
  6217 | D:4      | Killed an ice beast
  6217 | D:4      | Reached XP level 6. HP: 20/44 MP: 3/14
  6748 | D:5      | Got a slimy ring mail
  6843 | D:4      | Identified the +1 ring mail of Ukhlaute {rN+} (You took it
                  | off an orc on level 5 of the Dungeon)
  7135 | D:5      | Reached skill level 1 in Shields
  7135 | D:5      | Reached skill level 1 in Fire Magic
  7135 | D:5      | Reached skill level 1 in Air Magic
  7401 | D:5      | Noticed Eustachio
  7429 | D:5      | Reached skill level 1 in Poison Magic
  7754 | D:5      | Learned a level 2 spell: Poisonous Vapours
  7789 | D:5      | Reached XP level 7. HP: 48/50 MP: 12/16
  7840 | D:5      | Got a polished long sword
  7841 | D:5      | Identified the +6 long sword of Olejevuq {slice, Str+2}
                  | (You found it on level 5 of the Dungeon)
  7933 | D:5      | Got a faintly humming leather armour
  7944 | D:5      | Identified the cursed +1 leather armour "Cyleumm" {+Blink
                  | rPois rN+} (You found it on level 5 of the Dungeon)
  9467 | D:5      | Killed Eustachio
  9823 | D:5      | Reached XP level 8. HP: 46/57 MP: 5/18
 12366 | D:7      | Found a staircase to the Ecumenical Temple.
 12374 | Temple   | Entered the Ecumenical Temple
 12882 | D:7      | Found a basalt altar of Yredelemnul.
 12911 | D:7      | Identified 2 scrolls of acquirement
 12943 | D:7      | Reached XP level 9. HP: 51/64 MP: 16/20
 13350 | D:7      | Found a staircase to the Ecumenical Temple.
 13735 | D:7      | Found a basalt altar of Yredelemnul.
 13946 | D:8      | Noticed a two-headed ogre
 14350 | D:8      | Found a sacrificial altar of Ru.
 14356 | D:8      | Found a shadowy altar of Dithmenos.
 14359 | D:8      | Found an opulent altar of Gozag.
 14366 | D:8      | Became a worshipper of Gozag Ym Sagoz the Greedy
 14421 | D:7      | Found the +18 shield of the Gong {rElec rN+ MR+ EV-5}
 14737 | D:8      | Killed a two-headed ogre
 14952 | D:8      | Noticed a two-headed ogre
 14972 | D:8      | Killed a two-headed ogre
 15124 | D:8      | Found an ornate altar of the Wu Jian Council.
 15245 | D:8      | Found an ornate altar of the Wu Jian Council.
 15426 | D:8      | Found a sacrificial altar of Ru.
 15431 | D:8      | Found a shadowy altar of Dithmenos.
 15434 | D:8      | Found an opulent altar of Gozag.
 15621 | D:9      | Reached XP level 10. HP: 70/71 MP: 22/22
 15702 | D:9      | Found a hazy altar of Hepliaklqana.
 15976 | D:9      | Found Evel's Jewellery Emporium.
 16187 | D:9      | Found a transporter.
 16500 | D:9      | Found a deep blue altar of Sif Muna.
 16512 | D:9      | Reached skill level 1 in Armour
 16573 | D:9      | Identified Sif Muna's Papyrus of Damage Dealing
 16828 | D:9      | Found a transporter.
 17242 | D:10     | Entered Level 10 of the Dungeon
 17604 | D:10     | Noticed Urug
 17618 | D:10     | Killed Urug
 17785 | D:10     | Noticed Sonja
 17790 | D:10     | Killed Sonja
 17790 | D:10     | Reached skill level 5 in Fighting
 17975 | D:10     | Noticed Erolcha
 18040 | D:10     | Noticed Maurice
 18067 | D:10     | Killed Maurice
 18241 | D:10     | You fall through a shaft!
 18972 | D:10     | Reached XP level 11. HP: 78/80 MP: 8/24
 18980 | D:10     | Killed Erolcha
 18980 | D:10     | Reached skill level 5 in Dodging
 20091 | D:11     | Reached skill level 10 in Spellcasting
 20292 | D:11     | Found an opulent altar of Gozag.
 20452 | D:11     | Found a staircase to the Lair.
 20785 | D:11     | Noticed a two-headed ogre
 20797 | D:11     | Killed a two-headed ogre
 20986 | D:11     | Found an opulent altar of Gozag.
 21432 | D:11     | Found a staircase to the Lair.
 21588 | D:11     | Learned a level 5 spell: Venom Bolt
 21646 | Lair:1   | Entered Level 1 of the Lair of Beasts
 21656 | Lair:1   | Reached skill level 5 in Conjurations
 22947 | Lair:1   | Reached skill level 5 in Poison Magic
 23995 | Lair:2   | Noticed Gastronok
 24779 | Lair:1   | Reached XP level 12. HP: 78/89 MP: 13/26
 25762 | Lair:2   | Noticed a five-headed hydra
 25958 | Lair:2   | Killed a five-headed hydra
 26245 | Lair:2   | Noticed a four-headed hydra
 26266 | Lair:2   | Killed a four-headed hydra
 26915 | Lair:2   | Found a staircase to the Swamp.
 27348 | Lair:3   | Noticed a seven-headed hydra
 27358 | Lair:3   | Killed a seven-headed hydra
 28513 | Lair:3   | Found a hole to the Spider Nest.
 28929 | Lair:3   | Found a hole to the Spider Nest.
 29679 | Lair:4   | Found a runed gate.
 29679 | Lair:4   | Found a runed gate.
 29679 | Lair:4   | Found a runed gate.
 30132 | Lair:4   | Noticed a four-headed hydra
 30150 | Lair:4   | Killed a four-headed hydra
 30153 | Lair:4   | Reached skill level 5 in Armour
 30482 | Lair:4   | Noticed an ice dragon
 30482 | Lair:4   | Noticed Juriluv's ghost (journeyman MiBe)
 30639 | Lair:4   | Learned a level 4 spell: Olgreb's Toxic Radiance
 30897 | Lair:5   | Noticed Kirke
 30902 | Lair:5   | Noticed a sphinx
 30975 | Lair:5   | Noticed a sphinx
 30997 | Lair:4   | Noticed a sphinx
 31011 | Lair:4   | Killed Kirke
 31143 | Lair:4   | Gained mutation: You are in touch with the powers of death.
                  | [Mummy growth]
 31143 | Lair:4   | Reached XP level 13. HP: 88/98 MP: 14/28
 33927 | Lair:6   | Entered Level 6 of the Lair of Beasts
 33934 | Lair:6   | Identified the Compendium of the Glacier
 34663 | Lair:6   | Noticed Josephine
 34671 | Lair:6   | Killed Josephine
 35293 | Lair:5   | Bought a scroll of fear for 42 gold pieces
 35295 | Lair:5   | Bought the Catalogue of Burning Bewitchment for 522 gold
                  | pieces
 35300 | Lair:5   | Learned a level 4 spell: Fulminant Prism
 37901 | Lair:6   | Reached skill level 1 in Hexes
 39609 | Lair:6   | Got a smoking garnet amulet
 39622 | Lair:5   | Identified the amulet "Bidig" {Harm *Drain rElec rPois MR++
                  | Str-5} (You found it on level 6 of the Lair of Beasts)
 39711 | Lair:6   | Found a runed door.
 39712 | Lair:6   | Found a viscous altar of Jiyva.
 39713 | Lair:6   | Found a staircase to the Slime Pits.
 42465 | Lair:6   | Reached XP level 14. HP: 103/106 MP: 19/30
 44251 | Lair:2   | Killed Gastronok
 44455 | D:9      | Bought an uncursed ring of protection from fire for 325
                  | gold pieces
 44495 | D:12     | Noticed Psyche
 44615 | D:12     | Found a staircase to the Orcish Mines.
 44660 | D:12     | Found a roughly hewn altar of Beogh.
 44971 | D:12     | Killed Psyche
 45100 | D:12     | Noticed Fannar
 45224 | D:12     | Killed Fannar
 45396 | D:12     | Noticed Rupert
 46464 | Orc:1    | Entered Level 1 of the Orcish Mines
 48370 | Orc:2    | Entered Level 2 of the Orcish Mines
 49187 | Orc:2    | Found a staircase to the Elven Halls.
 51354 | Orc:2    | Reached skill level 10 in Conjurations
 52746 | Orc:2    | Found Uruops's Jewellery Shop.
 52749 | Orc:2    | Found Addiule's Jewellery Boutique.
 52750 | Orc:2    | Found Laekalic's Antique Armour Shop.
 52751 | Orc:2    | Found Dolex's Book Shop.
 52757 | Orc:2    | Bought a book of Transfigurations for 660 gold pieces
 52757 | Orc:2    | Bought a book of Fire for 780 gold pieces
 52761 | Orc:2    | Learned a level 3 spell: Ignite Poison
 52768 | Orc:2    | Learned a level 5 spell: Irradiate
 52771 | Orc:2    | Bought a faintly glowing robe for 176 gold pieces
 52771 | Orc:2    | Bought a twisted ring mail for 279 gold pieces
 52781 | Orc:2    | Identified the +0 robe "Mukiepen" {+Fly rN+ Str-5} (You
                  | bought it in a shop on level 2 of the Orcish Mines)
 52792 | Orc:2    | Identified the +3 ring mail "Wiskoliv" {+Blink rN+ Dex-3}
                  | (You bought it in a shop on level 2 of the Orcish Mines)
 54129 | D:12     | Found Rynwaec's General Store.
 54131 | D:12     | Reached skill level 1 in Transmutations
 54191 | D:12     | Learned a level 2 spell: Sticks to Snakes
 55084 | D:12     | Found Caokhle's General Store.
 55092 | D:12     | Found Irau's Gadget Boutique.
 55399 | D:12     | Killed Rupert
 55425 | D:12     | Noticed Frances
 56835 | D:13     | Reached XP level 15. HP: 115/115 MP: 9/32
 57267 | D:13     | Reached skill level 10 in Fighting
 59511 | D:14     | Found a gate to the Vaults.
 61534 | D:14     | Found a gate to the Vaults.
 61764 | D:15     | Entered Level 15 of the Dungeon
 62873 | D:15     | Found a runed gate.
 62873 | D:15     | Found a runed gate.
 62873 | D:15     | Found a runed gate.
 62873 | D:15     | Noticed Odod's ghost (veteran MiGl)
 62873 | D:15     | Noticed Kytyafaf's ghost (adept DrGl)
 62873 | D:15     | Noticed Kytyafaf's ghost (adept DrGl)
 64694 | D:15     | Found a staircase to the Depths.
 64921 | D:15     | Noticed Nessos
 64928 | D:15     | Killed Nessos
 65576 | Spider:1 | Entered Level 1 of the Spider Nest
 66112 | Spider:1 | Noticed Roxanne
 67888 | Spider:2 | Reached XP level 16. HP: 124/124 MP: 15/34
 68761 | Spider:2 | Identified the +1 lajatang "Gumu" {slice, Str+4 Stlth-}
                  | (You found it on level 2 of the Spider Nest)
 71861 | Spider:3 | Noticed Nikola
 71969 | Spider:3 | Killed Nikola
 74066 | D:12     | Bought a sack of spiders for 320 gold pieces
 74902 | Spider:4 | Entered Level 4 of the Spider Nest
 75565 | Spider:4 | Reached skill level 1 in Evocations
 75571 | Spider:4 | Reached skill level 2 in Evocations
 76206 | Spider:4 | Reached skill level 3 in Evocations
 76230 | Spider:4 | Noticed Asterion
 77433 | Spider:4 | Reached skill level 4 in Evocations
 78031 | Spider:4 | Killed Asterion
 78559 | Spider:4 | Reached skill level 5 in Evocations
 78962 | Lair:5   | Bought a manual of Shields for 1214 gold pieces
 78962 | Lair:5   | Bought a manual of Fighting for 1214 gold pieces
 81969 | Spider:4 | Reached skill level 5 in Shields
 82179 | Spider:4 | Got a gossamer rune of Zot
 82711 | Swamp:1  | Entered Level 1 of the Swamp
 82717 | Swamp:1  | Reached XP level 17. HP: 111/133 MP: 29/35
 82914 | Swamp:1  | Reached skill level 10 in Dodging
 82933 | Swamp:1  | Found a frozen archway.
 82950 | IceCv    | Entered an ice cave
 84383 | IceCv    | Reached skill level 6 in Evocations
 86066 | IceCv    | Identified the Papyrus of Ghastly Snow
 88268 | Swamp:1  | Reached skill level 15 in Spellcasting
 95866 | Swamp:4  | Entered Level 4 of the Swamp
 99060 | Swamp:4  | Reached skill level 7 in Evocations
100664 | Swamp:4  | Reached XP level 18. HP: 131/143 MP: 16/37
102417 | Swamp:4  | Noticed the 27-headed Lernaean hydra
102419 | Swamp:4  | Killed the 27-headed Lernaean hydra
103480 | Swamp:4  | Got a decaying rune of Zot
104067 | Swamp:4  | Learned a level 4 spell: Passage of Golubria
104998 | Swamp:4  | Reached skill level 10 in Armour
105882 | Orc:2    | Bought Goak's Handbook of Bewitching Creation for 1102 gold
                  | pieces
105889 | Orc:2    | Learned a level 6 spell: Invisibility
105892 | Elf:1    | Entered Level 1 of the Elven Halls
106495 | Elf:1    | Reached skill level 5 in Hexes
107459 | Elf:1    | Identified the Papyrus of Dark Arts
107531 | Elf:1    | Found Diqyra's Assorted Antiques.
108608 | Elf:1    | Got a scintillating pewter ring
110250 | Elf:2    | Found a runed gate.
110250 | Elf:2    | Found a runed gate.
110250 | Elf:2    | Found a runed gate.
110430 | Elf:2    | Found a runed gate.
110431 | Elf:2    | Found a runed gate.
110434 | Elf:2    | Found an opulent altar of Gozag.
110436 | Elf:2    | Noticed Soxuaqeu's ghost (adept GrFi)
110581 | Elf:2    | Found a runed gate.
110589 | Elf:2    | Found Morucoe's Assorted Antiques.
110741 | Elf:2    | Identified the Incunabulum of Battle Magic
110833 | Elf:3    | Entered Level 3 of the Elven Halls
110882 | Elf:3    | Identified the cursed ring "Irghiphan" {rF+ rC++ Str-4
                  | Int+2} (You took it off a deep elf mage on level 1 of the
                  | Elven Halls)
110885 | Elf:3    | Identified the +11 trident of Umuazuiq {chaos, rF+ MR+
                  | Int+6 Stlth-} (You found it on level 3 of the Elven Halls)
112013 | Elf:3    | Found Vallass's Jewellery Boutique.
112711 | Elf:3    | Found Vallass's Jewellery Boutique.
113920 | Elf:3    | Reached XP level 19. HP: 95/152 MP: 21/39
114647 | Elf:3    | Identified the +10 glaive of the Globe {pain, Fragile rElec
                  | rPois Dex+8} (You took it off a deep elf elementalist on
                  | level 3 of the Elven Halls)
116024 | Elf:3    | Got a steaming amber ring
116069 | Elf:3    | Reached skill level 8 in Evocations
116398 | Elf:3    | Got a sparkling lead amulet
116398 | Elf:3    | Got a scintillating iron ring
116404 | Elf:3    | Identified the ring of Oduesh {+Inv +Fly rF- EV+3 Int+6}
                  | (You took it off a deep elf master archer on level 3 of the
                  | Elven Halls)
116406 | Elf:3    | Identified the ring "Afyqas" {rElec rC+ Stlth+} (You took
                  | it off a deep elf sorcerer on level 3 of the Elven Halls)
116410 | Elf:3    | Identified the amulet "Zeistraa" {Gourm rC+ MP+9 Dex+7}
                  | (You took it off a deep elf master archer on level 3 of the
                  | Elven Halls)
116646 | Elf:3    | Got a crude crystal amulet
116647 | Elf:3    | Identified the amulet of the Good {Gourm Fragile rN+ Str+3
                  | Stlth+} (You took it off a deep elf blademaster on level 3
                  | of the Elven Halls)
117032 | Elf:3    | Identified the cursed +3 flail "Kylesois" {speed, *Corrode
                  | rElec rF+ Str+4} (You took it off a deep elf elementalist
                  | on level 3 of the Elven Halls)
117112 | Elf:3    | Found the +6 lightning scales {run, rElec}
117149 | Elf:3    | Identified the Catalogue of the Glacier and Orientation
117497 | Elf:3    | Identified the cursed +1 dagger "Jeeh" {speed, Int+4} (You
                  | took it off a deep elf annihilator on level 3 of the Elven
                  | Halls)
117677 | Vaults:1 | Entered Level 1 of the Vaults
117787 | Orc:2    | Bought a +1 troll leather armour for 374 gold pieces
118178 | Lair:5   | Bought a scroll of enchant armour for 90 gold pieces
121908 | Vaults:1 | Reached skill level 10 in Shields
121917 | Vaults:1 | Noticed a Tzitzimitl
124409 | Vaults:2 | Reached skill level 15 in Fighting
124846 | Vaults:2 | Reached XP level 20. HP: 162/162 MP: 33/40
125874 | Vaults:2 | Noticed Boris
125881 | Vaults:2 | Killed Boris
126787 | Vaults:2 | Reached skill level 9 in Evocations
127280 | Vaults:2 | Identified the +1 leather armour of Duypid {rPois rC+ rN+
                  | Int+2} (You took it off a deep elf knight on level 2 of the
                  | Vaults)
129450 | Vaults:3 | Noticed Frederick
129518 | Vaults:3 | Killed Frederick
129911 | Vaults:3 | Found a staircase to the Crypt.
132425 | Vaults:3 | Found Wunlavyoqi's Jewellery Boutique.
132513 | Vaults:3 | Found a staircase to the Crypt.
133465 | Vaults:4 | Reached XP level 21. HP: 137/171 MP: 31/42
133928 | Vaults:4 | Reached skill level 15 in Conjurations
136698 | D:15     | Bought a leatherbound book for 615 gold pieces
136742 | Depths:1 | Entered Level 1 of the Depths
138489 | Depths:1 | Reached skill level 10 in Evocations
138859 | Depths:1 | Found a one-way gate to the infinite horrors of the Abyss.
139241 | Depths:1 | Found a gateway to Hell.
139512 | Depths:1 | Found a one-way gate leading to the halls of Pandemonium.
141023 | Depths:2 | You fall through a shaft!
141149 | Depths:3 | Reached XP level 22. HP: 83/179 MP: 41/43
142368 | Depths:3 | Noticed an ancient lich
142450 | Depths:3 | Killed an ancient lich
143550 | Depths:3 | Identified the +2 pair of boots of Precision Catastrophes
                  | {rF+ rC++} (You found it on level 3 of the Depths)
145014 | Depths:3 | Identified the +8 war axe of Armageddon {holy, *Slow rElec
                  | rN+ Str+2} (You found it on level 3 of the Depths)
146605 | Depths:2 | Noticed Sojobo
146737 | Depths:2 | Killed Sojobo
147669 | Depths:2 | Identified the +10 plate armour of the Original Sin {rC+}
                  | (You found it on level 2 of the Depths)
147936 | Depths:3 | Got a vibrating diamond amulet
147937 | Depths:3 | Identified the amulet "Itie" {Spirit rN++ Stlth-} (You
                  | found it on level 3 of the Depths)
148284 | Depths:4 | Found Reuz's Distillery.
150256 | Depths:4 | Reached XP level 23. HP: 140/187 MP: 11/45
151234 | Depths:4 | Reached skill level 11 in Evocations
151972 | Depths:5 | Entered Level 5 of the Depths
152663 | Depths:5 | Found a glowing golden altar of the Shining One.
152913 | Depths:5 | Noticed Boris
152918 | Depths:5 | Killed Boris
153180 | Depths:5 | Found Keapsaz's Book Shop.
153508 | Depths:5 | Found Mehodghyw's Gadget Boutique.
154108 | Depths:5 | Noticed Jory
154117 | Depths:5 | Killed Jory
154580 | Depths:5 | Found a gateway to a ziggurat.
154590 | Depths:5 | Noticed Saint Roka
154643 | Depths:5 | Killed Saint Roka
155676 | Depths:5 | Found a gate to the Realm of Zot.
155775 | Depths:5 | Noticed Louise
155780 | Depths:5 | Killed Louise
156315 | Crypt:1  | Entered Level 1 of the Crypt
159644 | Crypt:2  | Noticed Xtahua
159650 | Crypt:2  | Killed Xtahua
160098 | Crypt:3  | Entered Level 3 of the Crypt
160700 | Crypt:3  | Found a staircase to the Tomb.
161721 | Crypt:3  | Reached XP level 24. HP: 197/197 MP: 44/45
162622 | Crypt:3  | Reached skill level 15 in Armour
163473 | Crypt:3  | Reached skill level 12 in Evocations
164050 | Crypt:3  | Noticed Margery
164067 | Crypt:3  | Killed Margery
168095 | Crypt:3  | Found a basalt altar of Yredelemnul.
168364 | Crypt:3  | Identified the Tome of Beguiling and the Rocks
168377 | Crypt:3  | Learned a level 7 spell: Orb of Destruction
168940 | Crypt:3  | Found the +12 Vampire's Tooth {vamp}
169175 | Crypt:3  | Learned a level 5 spell: Bolt of Draining
169620 | Slime:1  | Entered Level 1 of the Pits of Slime
171805 | Slime:5  | Entered Level 5 of the Pits of Slime
172225 | Orc:2    | Bought an uncursed ring of resist corrosion for 340 gold
                  | pieces
172570 | Slime:5  | Noticed the Royal Jelly
174958 | Slime:5  | Killed the Royal Jelly
176620 | Slime:5  | Found the +2 hat of the Bear Spirit {Spirit, +Rage rN+
                  | MR++}
176655 | Slime:5  | Identified Xiuwkoes's Incunabulum of Ashen Flight
176667 | Slime:5  | Got a slimy rune of Zot
176704 | Slime:5  | Identified the Tome of Attacks and the Glacier
176955 | D:12     | Bought a wand of clouds (4) for 384 gold pieces
177132 | D:12     | Killed Frances
177502 | D:12     | Found Rynwaec's General Store.
177512 | D:12     | Found Irau's Gadget Boutique.
177525 | D:12     | Found Caokhle's General Store.
177710 | D:12     | Found a staircase to the Orcish Mines.
177712 | D:12     | Found a roughly hewn altar of Beogh.
178293 | Zot:1    | Entered Level 1 of the Realm of Zot
178303 | Depths:5 | Reached XP level 25. HP: 186/206 MP: 9/45
181039 | Zot:1    | Reached skill level 15 in Shields
181073 | Zot:1    | Reached skill level 13 in Evocations
183066 | Zot:3    | Reached skill level 14 in Evocations
185248 | Zot:2    | Reached skill level 15 in Evocations
187493 | Zot:4    | Gained mutation: You are strongly in touch with the powers
                  | of death. [Mummy growth]
187493 | Zot:4    | Reached XP level 26. HP: 198/213 MP: 30/45
187592 | Zot:4    | Reached skill level 1 in Necromancy
187710 | Zot:4    | Reached skill level 16 in Evocations
187724 | Zot:3    | Noticed an orb of fire
187733 | Zot:3    | Killed an orb of fire
188539 | Zot:3    | Reached skill level 5 in Necromancy
190372 | Zot:4    | Found a transporter.
190559 | Zot:4    | Reached skill level 17 in Evocations
191876 | Zot:4    | Found a transporter.
191976 | Zot:5    | Entered Level 5 of the Realm of Zot
192023 | Zot:5    | Noticed an ancient lich
192160 | Zot:5    | Noticed an ancient lich
192228 | Zot:5    | Killed an ancient lich
192487 | Zot:5    | Noticed an ancient lich
192510 | Zot:5    | Reached skill level 18 in Evocations
192877 | Zot:5    | Killed an ancient lich
192966 | Zot:5    | Killed an ancient lich
193150 | Zot:5    | Noticed an ancient lich
193351 | Zot:5    | Noticed an ancient lich
193380 | Zot:5    | Killed an ancient lich
193383 | Zot:5    | Killed an ancient lich
194429 | Zot:5    | Noticed an ancient lich
194439 | Zot:5    | Killed an ancient lich
194834 | Zot:5    | Reached skill level 19 in Evocations
194882 | Zot:5    | Reached XP level 27. HP: 219/219 MP: 30/45
195020 | Zot:5    | Noticed an orb of fire
195728 | Zot:5    | Noticed an orb of fire
195737 | Zot:5    | Killed an orb of fire
196006 | Zot:5    | Noticed an orb of fire
196071 | Zot:5    | Noticed an ancient lich
196085 | Zot:5    | Killed an ancient lich
196342 | Zot:5    | Reached skill level 20 in Evocations
196401 | Zot:5    | Killed an orb of fire
196401 | Zot:5    | Killed an orb of fire
197152 | Zot:5    | Noticed an orb of fire
197155 | Zot:5    | Noticed an orb of fire
197160 | Zot:5    | Killed an orb of fire
197165 | Zot:5    | Killed an orb of fire
197870 | Zot:5    | Reached skill level 21 in Evocations
199465 | Zot:5    | Got the Orb of Zot
199827 | D:10     | Noticed Miadgh the pandemonium lord
199872 | D:7      | Noticed Juschok the pandemonium lord
199936 | D:4      | Noticed a seraph
200014 | D:$      | Escaped with the Orb!

Skill      XL: |  1  2  3  4  5  6  7  8  9 10 11 12 13 14 15 16 17 18 19 20 21 22 23 24 25 26 27 |
---------------+----------------------------------------------------------------------------------+-----
Summonings     | 1 2 3 |  3.9
Dodging        | 2 3 4 5 6 7 8 9 10 11 12 13 14 | 14.7
Fighting       | 1 2 3 4 5 6 7 8 9 10 11 13 14 15 16 17 18 | 18.6
Spellcasting   | 5 6 7 8 9 10 11 12 13 14 15 16 17 18 | 18.9
Translocations | 1 2 3 |  3.3
Conjurations   | 1 2 3 4 6 7 9 10 11 12 13 14 15 16 17 | 17.1
Shields        | 1 2 3 4 5 7 8 10 11 12 13 14 15 | 15.0
Fire Magic     | 1 2 3 |  3.1
Air Magic      | 1 2 3 4 |  4.6
Poison Magic   | 1 2 3 4 5 6 |  6.1
Armour         | 2 3 5 6 7 8 9 10 11 12 13 14 15 | 15.7
Hexes          | 2 4 7 |  7.3
Transmutations | 1 3 4 |  4.5
Evocations     | 5 7 8 9 10 11 12 15 19 21 | 21.2
Necromancy     | 5 |  5.0
Stealth        | |  1.5

Action                   |  1- 3 |  4- 6 |  7- 9 | 10-12 | 13-15 | 16-18 | 19-21 | 22-24 | 25-27 || total
-------------------------+-------+-------+-------+-------+-------+-------+-------+-------+-------++-------
Melee: Short sword       |    52 |   104 |     2 |       |       |       |       |       |       ||   158
       Long sword        |       |       |   156 |   366 |   126 |    36 |       |       |       ||   684
       Spear             |       |       |       |     5 |    10 |       |       |       |       ||    15
       Staff             |       |       |       |       |    57 |    41 |       |       |       ||    98
       Trident           |       |       |       |       |       |     7 |   512 |  1097 |    60 ||  1676
 Fire: Hunting sling     |       |    61 |       |       |       |       |       |       |       ||    61
       Blowgun           |       |       |       |       |       |     3 |       |       |       ||     3
 Cast: Magic Dart        |    97 |    84 |    24 |   163 |    57 |    21 |       |       |       ||   446
       Call Imp          |    10 |    19 |     5 |    10 |       |       |       |       |       ||    44
       Conjure Flame     |       |     8 |     7 |    69 |    53 |    48 |     3 |    15 |       ||   203
       Mephitic Cloud    |       |    12 |    35 |    59 |    30 |       |       |     9 |       ||   145
       Poisonous Vapours |       |       |    16 |    71 |       |       |       |       |       ||    87
       Blink             |       |       |     1 |     8 |    35 |     5 |       |     4 |     2 ||    55
       Venom Bolt        |       |       |       |    36 |   204 |   100 |   100 |    54 |       ||   494
       Olgreb's Toxic Ra |       |       |       |     6 |   391 |   132 |   119 |    87 |     2 ||   737
       Fulminant Prism   |       |       |       |       |    56 |    47 |    11 |    41 |       ||   155
       Ignite Poison     |       |       |       |       |    52 |    36 |    50 |    34 |       ||   172
       Irradiate         |       |       |       |       |    42 |   402 |   274 |   324 |   129 ||  1171
       Invisibility      |       |       |       |       |       |     2 |     4 |     6 |     6 ||    18
       Passage of Golubr |       |       |       |       |       |       |       |    13 |       ||    13
       Orb of Destructio |       |       |       |       |       |       |       |    84 |   206 ||   290
       Bolt of Draining  |       |       |       |       |       |       |       |    71 |   236 ||   307
Invok: Call Merchant     |       |       |       |       |     2 |     2 |     3 |       |       ||     7
       Potion Petition   |       |       |       |       |       |       |     2 |       |     1 ||     3
       Bribe Branch      |       |       |       |       |       |       |       |       |     3 ||     3
 Abil: Evoke Flight      |       |       |       |       |       |     2 |       |       |       ||     2
       Stop Flying       |       |       |       |       |       |     1 |       |       |       ||     1
Evoke: Wand              |       |       |       |     2 |     4 |    20 |     8 |     6 |    21 ||    61
       Phial of floods   |       |       |       |       |     1 |       |       |     1 |       ||     2
       Phantom mirror    |       |       |       |       |       |     1 |       |       |       ||     1
       Lightning rod     |       |       |       |       |       |       |     2 |     2 |       ||     4
       Lamp of fire      |       |       |       |       |       |       |     1 |       |       ||     1
  Use: Scroll            |     3 |     4 |     4 |     7 |     7 |    16 |    16 |     9 |     4 ||    70
 Stab: Sleeping          |     2 |     1 |       |     3 |       |       |       |       |       ||     6
       Confused          |       |     4 |     7 |    14 |       |       |       |     4 |       ||    29
       Distracted        |       |       |       |       |     2 |       |     2 |     4 |     2 ||    10
       Paralysed         |       |       |       |       |     2 |       |     9 |    29 |    27 ||    67
       Petrified         |       |       |       |       |       |       |     8 |    24 |       ||    32
       Petrifying        |       |       |       |       |       |       |     1 |     1 |       ||     2
       Invisible         |       |       |       |       |       |       |       |       |     1 ||     1
Armor: Robe              |    25 |    23 |       |    18 |    23 |       |       |       |       ||    89
       Leather armour    |       |       |    30 |    91 |       |       |       |       |       ||   121
       Ring mail         |       |       |       |       |   160 |   401 |    20 |       |       ||   581
       Troll leather arm |       |       |       |       |       |       |   324 |   523 |   154 ||  1001
Dodge: Dodged            |    66 |    74 |    91 |   288 |   341 |   713 |   593 |  1047 |   325 ||  3538
Block: Buckler           |       |       |     4 |    83 |    96 |   304 |   349 |   598 |       ||  1434
       Shield            |       |       |       |       |       |       |       |    13 |   212 ||   225
       Rpst.: Long sword |       |       |    28 |    86 |    39 |    15 |       |       |       ||   168
